 Dungeon Crawl Stone Soup version 0.28-a0-422-gd71735cc25 (webtiles) character file.

Game seed: 14654020342168737078

21673 robertstho the Thaumaturge (level 13, -3/90 HPs)
             Began as a Djinni Fire Elementalist on Sept 7, 2021.
             Was an Initiate of Gozag.
             Slain by a boulder beetle (37 damage)
             ... on level 2 of the Lair of Beasts on Sept 8, 2021.
             The game lasted 00:23:58 (18064 turns).

robertstho the Thaumaturge (DjFE)                  Turns: 18064, Time: 00:24:01

Health: -3/90      AC:  9    Str:  7    XL:     13   Next: 21%
Gold:   664        EV: 17    Int: 23    God:    Gozag SH:  0 Dex: 13

rFire   + + .      SeeInvis +   F - +0 long sword (elec)
rCold   + + .      Faith    .   (no shield)
rNeg    . . .      Spirit   .   r - +4 skin of Zhor {*Englaciate rC+++ SInv}
rPois   ∞          Reflect  .   d - +2 hat
rElec   .          Harm     .   f - +0 cloak
rCorr   .          Rampage  .   (no gloves)
Will    +....                   (boots unavailable)
Stlth   ++........              w - amulet of the acrobat
HPRegen 0.25/turn               a - +4 ring of evasion
MPRegen 0.00/turn               (no ring)

@: gold aura, flying
A: sickness immunity, fire resistance 2, cold vulnerability 1, float, innate
caster, hp casting, extra vitality 1
a: Renounce Religion, Potion Petition, Call Merchant, Bribe Branch


You were on level 2 of the Lair of Beasts.
You worshipped Gozag.
Gozag was pleased with you.
You visited 4 branches of the dungeon, and saw 15 of its levels.

You collected 2011 gold pieces.
You spent 558 gold pieces at shops.
You paid 789 gold pieces to Gozag.

Inventory:

Hand Weapons
 c - a +0 short sword of draining
 C - a +4 quarterstaff of pain
 F - a +0 long sword of electrocution (weapon)
Armour
 d - a +2 hat (worn)
 f - a +0 cloak (worn)
 r - the +4 skin of Zhor (worn) {*Englaciate rC+++ SInv}
   (You found it on level 5 of the Dungeon)

   It radiates cold, occasionally slowing all nearby creatures who are not
   resistant to cold.
   rC:        It renders you almost immune to cold.
   SInv:      It lets you see invisible.
 y - a +0 kite shield
 E - a +0 troll leather armour
Jewellery
 a - a +4 ring of evasion (left hand)
 n - a +6 ring of intelligence
 w - an amulet of the acrobat (around neck)
Wands
 g - a wand of digging (5)
 i - a wand of iceblast (11)
 B - a wand of paralysis (16)
 D - a wand of mindburst (8)
Scrolls
 j - 2 scrolls of teleportation
 k - 2 scrolls of fear {unknown}
 o - 4 scrolls of acquirement {unknown}
 p - 2 scrolls of enchant armour {unknown}
 q - a scroll of magic mapping
 t - 2 scrolls of enchant weapon
 u - a scroll of brand weapon
 z - a scroll of silence
 A - 2 scrolls of summoning
Potions
 b - 3 potions of flight {unknown}
 e - 4 potions of heal wounds
 h - a potion of lignification {unknown}
 l - a potion of might {unknown}
 m - 2 potions of ambrosia
 s - a potion of brilliance {unknown}
 v - 2 potions of curing
 x - a potion of cancellation


   Skills:
 * Level 7.2 Fighting
 + Level 2.0(2.1) Short Blades
 + Level 0.9(1.5) Long Blades
 + Level 5.0 Dodging
 + Level 4.0 Stealth
 + Level 3.6 Shields
 * Level 13.8 Spellcasting
 + Level 1.7 Evocations


You had 6 spell levels left.
You knew the following spells:

 Your Spells              Type           Power      Damage    Failure   Level
a - Foxfire               Conj/Fire      100%       2x1d9     0%          1
b - Scorch                Fire           100%       2d10      1%          2
c - Conjure Flame         Conj/Fire      68%        6-21      1%          3
d - Inner Flame           Hex/Fire       68%        N/A       1%          3
e - Flame Wave            Conj/Fire      68%        3d12      1%          4
f - Beastly Appendage     Tmut           100%       N/A       0%          1
g - Wereblood             Tmut           68%        N/A       1%          2
h - Spider Form           Tmut/Pois      34%        N/A       1%          3
i - Olgreb's Toxic Radia  Pois           68%        N/A       1%          4
j - Silence               Hex/Air        34%        N/A       1%          5
k - Freezing Cloud        Conj/Ice/Air   34%        6-21      1%          5
Your spell library was empty.

Dungeon Overview and Level Annotations

Branches:
Dungeon (11/15)            Temple (1/1) D:6            Lair (2/6) D:11
    Orc (1/2) D:11
  Swamp: Lair:2-4    Shoals: Lair:2-4     Snake: Lair:2-4    Spider: Lair:2-4

Altars:
Dithmenos
Elyvilon
Fedhas
Gozag
Hepliaklqana
Kikubaaqudgha
Makhleb
Nemelex Xobeh
Ru
Sif Muna
Trog
Uskayaw
Vehumet
Wu Jian
Xom
Yredelemnul
Zin
The Shining One
Beogh

Shops:
D:10 *   Lair:1 !


Innate Abilities, Weirdness & Mutations

You are immune to sickness and miasma.
You are immune to poison.
Your flesh is very heat resistant. (rF++)
You are vulnerable to cold. (rC-)
You float through the air rather than walking.
You learn spells naturally, not from books.
Your magical power is your life essence.
You have superior vitality. (+4 HP)


Message History

Confirm with . or Enter, or press ? or * to list all spells.
Flames lash the blink frog.
The blink frog is almost dead.
The blink frog's fire resistance burns away.
Casting: Scorch (safe; 1% risk of failure)
Confirm with . or Enter, or press ? or * to list all spells.
Flames lash the blink frog.
The blink frog is burned terribly!
You kill the blink frog!
A boulder beetle comes into view.
A boulder beetle is nearby!
A boulder beetle is nearby!
A boulder beetle is nearby!
A boulder beetle is nearby!
Casting: Scorch (safe; 1% risk of failure)
Confirm with . or Enter, or press ? or * to list all spells.
You begin to radiate toxic energy.
The boulder beetle is poisoned.
The boulder beetle leaps!
Unknown command.
Your toxic aura wanes.
You see here 39 gold pieces.
You now have 664 gold pieces (gained 39).
You radiate an aura of cold.
The boulder beetle seems to slow down.
The boulder beetle curls into a ball and begins rolling!
Casting: Olgreb's Toxic Radiance (safe; 1% risk of failure)
Confirm with . or Enter, or press ? or * to list all spells.
Okay, then.
Casting: Olgreb's Toxic Radiance (safe; 1% risk of failure)
Confirm with . or Enter, or press ? or * to list all spells.
Aiming: Freezing Cloud (mildly dangerous; 1% risk of failure)
Press: ? - help, Dir - move target, f - boulder beetle
Aim: a boulder beetle (moderately wounded, rolling, poisoned)
The boulder beetle looks more healthy.
The boulder beetle is engulfed in freezing vapours.
Casting: Freezing Cloud (mildly dangerous; 1% risk of failure)
Confirm with . or Enter, or press ? or * to list all spells.
Flames lash the boulder beetle but do no damage.
The boulder beetle is engulfed in freezing vapours.
The boulder beetle hits you!!!
You die...
Your body crumbles into a pile of gold.

.......# .......#
...### ..≈ .......#
..#[#.... .......#
B.#.#.... .......# #
........ .......# #?#♣
##.....### .......# ..♣
.○.≈...:#♣. $ .......#
♣.###§§...###.♣ $
.......#
♣.@B§§§.......♣
.......#
♣....§#.#.....♣
.......# ♣.....#
#.....♣ .......#
♣.≈...###...≈.♣
.......#
♣.............♣
.......# ♣........
.......# ##
######..♣##### ##
.......# ♣.♣
♣♣....♣.♣....♣♣ ♣♣.
.......#
♣.♣♣♣.≈≈≈≈≈≈≈≈≈≈≈.♣♣♣..


You could see a boulder beetle (rolling).

Vanquished Creatures
  Gastronok (Lair:1)
  A hydra (Lair:2)
  Pikel (D:9)
  An orc sorcerer (Orc:1)
  A manticore (D:11)
  A cyclops (D:11)
  Maurice (Orc:1)
  5 elephants (Lair:2)
  A black mamba (Lair:2)
  4 cane toads (Lair:2)
  Joseph (D:7)
  6 komodo dragons (Lair:2)
  3 rime drakes (Lair:2)
  2 trolls
  Grinder (D:3)
  7 blink frogs (Lair:2)
  A vampire (D:10)
  2 redbacks (Lair:2)
  Sigmund (D:4)
  8 yaks
  A basilisk (Lair:2)
  3 wyverns
  5 vampire mosquitoes (D:10)
  5 water moccasins
  2 acid dragons (D:11)
  A hornet zombie (D:9)
  A swamp drake (D:10)
  7 orc warriors
  A sky beast (D:6)
  An ice beast (D:8)
  2 black bears
  2 necrophages
  7 ogres
  A wolf (Lair:2)
  8 centaurs
  A lemure (D:9)
  A phantom (D:5)
  3 bullfrogs
  3 scorpions
  6 killer bees (D:8)
  A water moccasin skeleton (D:4)
  9 wights
  2 electric eels (Lair:1)
  6 howler monkeys
  7 centaur zombies
  A bullfrog zombie (D:5)
  5 orc priests
  A centaur skeleton (D:7)
  4 hounds
  3 jellies
  An iguana (D:5)
  10 orc wizards
  Ijyb (D:4)
  2 killer bee zombies (D:7)
  A howler monkey zombie (D:9)
  A howler monkey skeleton (D:7)
  7 adders
  2 shadow imps
  2 white imps
  3 ufetubi
  A dart slug (D:2)
  24 orcs
  4 bats
  9 endoplasms
  4 giant cockroaches
  9 goblins
  6 hobgoblins
  2 jackals (D:4)
  2 quokkas
  13 ball pythons
  3 frilled lizards
  9 kobolds
  A rat (D:1)
  3 bushes (Lair:2)
269 creatures vanquished.

Vanquished Creatures (others)
  557 foxfires
  9 fungi
  207 plants
773 creatures vanquished.

Grand Total: 1042 creatures vanquished

Notes
Turn   | Place    | Note
-------+----------+-------------------------------------------
     0 | D:1      | robertstho the Djinni Fire Elementalist began the quest for
                  | the Orb.
     0 | D:1      | Reached XP level 1. HP: 15/15 MP: 0/0
     6 | D:1      | Noticed a snapping turtle
     6 | D:1      | Noticed an anaconda
     7 | D:1      | Noticed a swamp worm
     7 | D:1      | Noticed a black bear
   357 | D:1      | Reached XP level 2. HP: 19/21 MP: 0/0
   877 | D:1      | Reached skill level 3 in Spellcasting
  1236 | D:1      | Found a faded altar of an unknown god.
  1241 | D:1      | Reached XP level 3. HP: 22/25 MP: 0/0
  1241 | D:1      | Learned a level 1 spell: Beastly Appendage
  2259 | D:2      | Reached XP level 4. HP: 28/31 MP: 0/0
  2466 | D:2      | Upgraded the game from 0.28-a0-413-gde365fb1df to
                  | 0.28-a0-422-gd71735cc25
  2849 | D:3      | Noticed Grinder
  2857 | D:3      | Killed Grinder
  2858 | D:3      | Reached skill level 1 in Fighting
  2858 | D:3      | Reached skill level 4 in Spellcasting
  2858 | D:3      | Reached XP level 5. HP: 24/38 MP: 0/0
  2858 | D:3      | Learned a level 2 spell: Wereblood
  2858 | D:3      | Reached XP level 6. HP: 27/43 MP: 0/0
  3395 | D:4      | Noticed a black bear
  3397 | D:4      | Noticed an ogre
  3446 | D:4      | Killed an ogre
  3447 | D:4      | Reached skill level 5 in Spellcasting
  3447 | D:4      | Reached XP level 7. HP: 38/49 MP: 0/0
  3447 | D:4      | Learned a level 3 spell: Spider Form
  3726 | D:4      | Noticed Ijyb
  3732 | D:4      | Killed Ijyb
  3804 | D:4      | You are sucked into a shaft and drop 1 floor!
  3804 | D:5      | Entered Level 5 of the Dungeon
  3932 | D:5      | Noticed a water moccasin
  3955 | D:5      | Killed a water moccasin
  3956 | D:5      | Reached skill level 6 in Spellcasting
  3956 | D:5      | Reached XP level 8. HP: 47/55 MP: 0/0
  4354 | D:5      | Identified the +1 robe "Xumout" {rC++}
  4882 | D:5      | Found the +4 skin of Zhor {*Englaciate rC+++ SInv}
  5214 | D:4      | Noticed Sigmund
  5219 | D:4      | Killed Sigmund
  5220 | D:4      | Reached skill level 7 in Spellcasting
  5645 | D:4      | Reached XP level 9. HP: 54/61 MP: 0/0
  5645 | D:4      | Learned a level 4 spell: Olgreb's Toxic Radiance
  6157 | D:6      | Reached skill level 8 in Spellcasting
  6219 | D:6      | Found a glowing silver altar of Zin.
  6445 | D:6      | Found a staircase to the Ecumenical Temple.
  6468 | Temple   | Entered the Ecumenical Temple
  6557 | Temple   | Became a worshipper of Gozag Ym Sagoz the Greedy
  7112 | D:6      | Found an ornate altar of the Wu Jian Council.
  7178 | D:6      | Reached skill level 9 in Spellcasting
  8075 | D:7      | Noticed Joseph
  8082 | D:7      | Killed Joseph
  8083 | D:7      | Reached XP level 10. HP: 44/68 MP: 0/0
  8548 | D:7      | Found a sacrificial altar of Ru.
  8549 | D:7      | Found a bloodstained altar of Trog.
  8551 | D:7      | Found a shadowy altar of Dithmenos.
  9227 | D:8      | Reached skill level 10 in Spellcasting
  9231 | D:8      | Reached skill level 1 in Shields
 10706 | D:9      | Reached skill level 5 in Fighting
 10900 | D:9      | Noticed Pikel
 10905 | D:9      | Killed Pikel
 10906 | D:9      | Reached skill level 11 in Spellcasting
 10906 | D:9      | Reached XP level 11. HP: 70/75 MP: 0/0
 10906 | D:9      | Learned a level 5 spell: Silence
 11309 | D:10     | Entered Level 10 of the Dungeon
 11490 | D:10     | Reached skill level 1 in Short Blades
 11934 | D:10     | Found Orghop's Assorted Antiques.
 13099 | D:11     | Noticed a manticore
 13160 | D:11     | Killed a manticore
 13526 | D:11     | Found a staircase to the Orcish Mines.
 13545 | D:11     | Noticed a cyclops
 13554 | D:11     | Killed a cyclops
 13931 | Orc:1    | Entered Level 1 of the Orcish Mines
 13934 | Orc:1    | Noticed Maurice
 13941 | Orc:1    | Killed Maurice
 14010 | Orc:1    | Reached skill level 12 in Spellcasting
 14014 | Orc:1    | Noticed an orc sorcerer
 14015 | Orc:1    | Noticed an orc warlord
 14020 | Orc:1    | Killed an orc sorcerer
 14029 | Orc:1    | Reached XP level 12. HP: 30/83 MP: 0/0
 14356 | D:11     | Found a staircase to the Lair.
 14504 | Lair:1   | Entered Level 1 of the Lair of Beasts
 14562 | Lair:1   | Noticed Gastronok
 14577 | Lair:1   | Killed Gastronok
 14597 | Lair:1   | Bought a potion of curing for 54 gold pieces
 14597 | Lair:1   | Bought a potion of cancellation for 144 gold pieces
 14597 | Lair:1   | Bought a potion of curing for 54 gold pieces
 14597 | Lair:1   | Bought a potion of degeneration for 18 gold pieces
 14597 | Lair:1   | Bought a potion of ambrosia for 144 gold pieces
 14597 | Lair:1   | Bought a potion of attraction for 54 gold pieces
 14597 | Lair:1   | Bought a potion of heal wounds for 90 gold pieces
 16070 | Lair:2   | Reached skill level 1 in Evocations
 16267 | Lair:2   | Reached skill level 13 in Spellcasting
 17446 | Lair:2   | Reached XP level 13. HP: 64/89 MP: 0/0
 17446 | Lair:2   | Learned a level 5 spell: Freezing Cloud
 18000 | Lair:2   | Noticed a six-headed hydra
 18008 | Lair:2   | Killed a six-headed hydra
 18009 | Lair:2   | Reached skill level 5 in Dodging
 18055 | Lair:2   | Noticed a boulder beetle
 18064 | Lair:2   | Slain by a boulder beetle

Illustrated notes

Levels and vault maps discovered:
D:1:      onia_arrival_zoo_common, layout_basic, basic_ecumenical_altar,
          minmay_heptomino_d4
D:2:      layout_rooms
D:3:      layout_rooms, uniq_grinder
D:4:      cheibrodos_old_hovel, layout_rooms, kennysheep_generic_room_6,
          uniq_ijyb, uniq_sigmund
D:5:      layout_basic, grunt_ministairs_13, minmay_quadrilaterals
D:6:      layout_layer_cave, mainiacjoe_overflow_catwalk_spiral,
          minmay_temple_entry_arrows, serial_bayou, serial_bayou_lagoon_a,
          serial_bayou_shore_b, serial_bayou_pond_c, serial_bayou_pond_d,
          dk_noncrumbling_4, small_statue_intersection, lightli_minifort
D:7:      layout_loops_corners, chequers_temple_overflow_statue_of_worship,
          uniq_joseph
D:8:      layout_cave_pools
D:9:      layout_gridville, uniq_pikel
D:10:     layout_basic, serial_shops, shop, pond
D:11:     layout_stronghold, grunt_lair_entry_orc_guard_hut,
          minmay_orc_entry_temple_small, minivault_8
Temple:   regret_index_temple_sphere_string
Lair:1:   layout_cave_pods, grunt_megastairs_4, serial_bayou_shore_a,
          uniq_gastronok
Lair:2:   nzn_winding_woodlands_large [nzn_winding_woodlands_5x5_open_star,
          nzn_winding_woodlands_5x15_river_crossing,
          nzn_winding_woodlands_5x5_checkerboard,
          nzn_winding_woodlands_center_pierced_h,
          nzn_winding_woodlands_15x15_five_gardens,
          nzn_winding_woodlands_center_lodge, nzn_winding_woodlands_5x5_three,
          nzn_winding_woodlands_5x15_zeroes,
          nzn_winding_woodlands_5x5_closed_star], layout_regular_city,
          spider_nest_entry_webs, serial_forest, infiniplex_forest_zigzag_2,
          infiniplex_forest_side_room, infiniplex_forest_clump_cross,
          infiniplex_forest_lined_1, infiniplex_forest_pool,
          infiniplex_forest_clump_cross, infiniplex_forest_lined_1,
          infiniplex_forest_straight_2, uniq_fannar
Orc:1:    layout_diamond_mine, biasface_ghost_orc_armoury, uniq_maurice

Skill      XL: |  1  2  3  4  5  6  7  8  9 10 11 12 13 |
---------------+----------------------------------------+-----
Spellcasting   | 3 4 5 6 7 9 11 12 13 | 13.8
Fighting       | 1 2 3 4 5 6 7 |  7.2
Stealth        | 2 3 4 |  4.0
Dodging        | 3 4 5 |  5.0
Shields        | 2 3 |  3.6
Short Blades   | 1 2 |  2.0
Evocations     | 1 |  1.7
Long Blades    | |  0.9

Action                   |  1- 3 |  4- 6 |  7- 9 | 10-12 | 13-15 || total
-------------------------+-------+-------+-------+-------+-------++-------
Melee: Unarmed           |     1 |       |       |       |       ||     1
       Short sword       |     1 |       |    12 |    66 |       ||    79
       Long sword        |       |       |       |    26 |     8 ||    34
 Cast: Foxfire           |    87 |    68 |   146 |     5 |    15 ||   321
       Scorch            |       |     4 |    72 |   108 |     5 ||   189
       Olgreb's Toxic Ra |       |       |     1 |    22 |     8 ||    31
       Flame Wave        |       |       |       |    54 |     3 ||    57
       Inner Flame       |       |       |       |     1 |       ||     1
       Freezing Cloud    |       |       |       |       |     1 ||     1
Invok: Call Merchant     |       |       |       |     1 |       ||     1
Evoke: Wand              |       |       |       |     7 |       ||     7
  Use: Scroll            |       |     4 |       |     8 |       ||    12
       Potion            |       |       |       |     5 |       ||     5
 Stab: Sleeping          |       |       |       |     2 |       ||     2
Armor: Robe              |     2 |     3 |     6 |       |       ||    11
       Animal skin       |       |       |     9 |    72 |     2 ||    83
Dodge: Dodged            |    19 |     3 |    33 |   179 |    22 ||   256
Block: Kite shield       |       |       |     6 |    92 |       ||    98

Table legend: (Time is in decaauts)
 A = Elapsed time spent in this place.
 B = Non-inter-level travel time spent in this place.
 C = Inter-level travel time spent in this place.
 D = Time resting spent in this place.
 E = Time spent auto-exploring this place.
 F = Levels seen in this place.
 G = Mean time per level.
                   A        B        C        D        E       F      G
               +--------+--------+--------+--------+--------+-----+--------+
         Total |  18105 |  17195 |    910 |   1687 |  13614 |  15 | 1207.0 |
       Dungeon |  14309 |  13455 |    854 |   1042 |  10955 |  11 | 1300.8 |
        Temple |    102 |     89 |     13 |      0 |     69 |   1 |  102.0 |
          Lair |   3570 |   3529 |     41 |    643 |   2532 |   2 | 1785.0 |
  Orcish Mines |    122 |    122 |      0 |      2 |     58 |   1 |  122.0 |
               +--------+--------+--------+--------+--------+-----+--------+

Top non-repeatable levels by time:
  Lair:2: 2364 daAuts
     D:5: 1631 daAuts
     D:1: 1580 daAuts
    D:11: 1557 daAuts
     D:7: 1550 daAuts
     D:9: 1532 daAuts
     D:6: 1427 daAuts
    D:10: 1399 daAuts
  Lair:1: 1206 daAuts
     D:2: 1076 daAuts
     D:3: 966 daAuts
     D:4: 820 daAuts
     D:8: 767 daAuts
   Orc:1: 122 daAuts
  Temple: 102 daAuts
